 Dungeon Crawl Stone Soup version 0.26.1-11-gd32895ea62 (webtiles) character file.

Game seed: 9660161063143616832

194541 infcreate the Warrior (level 19, -6/157 HPs)
             Began as a Human Berserker on July 18, 2021.
             Was a High Priest of Trog.
             Splashed by a goliath frog's acid (7 damage)
             ... called by a spriggan druid
             ... on level 4 of the Swamp.
             The game lasted 02:15:54 (40434 turns).

infcreate the Warrior (Human Berserker)            Turns: 40434, Time: 02:15:55

Health: -6/157     AC: 21    Str: 34    XL:     19   Next: 47%
Magic:  28/28      EV: 17    Int: 18    God:    Trog [*****.]
Gold:   484        SH:  5    Dex: 13    Spells: 18/18 levels left

rFire    . . .     SeeInvis .   g - +3 great sword (flame)
rCold    + + .     Faith    .   (shield currently unavailable)
rNeg     + + +     Spirit   .   p - +2 plate armour {rC+}
rPois    +         Reflect  +   d - +2 helmet
rElec    +         Harm     .   Q - +1 cloak {rC+}
rCorr    .         Rampage  .   W - +1 pair of gloves
Will     +++..                  T - +0 pair of boots
Stlth    ..........             K - amulet of reflection
HPRegen  1.36/turn              X - ring of Jonn {rElec rN+++ MP+9 Str+6 Int+4}
MPRegen  0.21/turn              b - ring "Iguxziff" {rPois rN+ Str+5 Int+4}

@: corroded, berserk cooldown, regenerating, slowed, very slow
A: no striking features
a: Renounce Religion, Berserk, Trog's Hand, Brothers in Arms


You were on level 4 of the Swamp.
You worshipped Trog.
Trog was extremely pleased with you.
You visited 4 branches of the dungeon, and saw 27 of its levels.
You visited the Abyss 1 time.
You also visited: Bailey and Ice Cave.

You collected 2847 gold pieces.
You spent 2363 gold pieces at shops.


   Skills:
 * Level 15.7 Fighting
 * Level 15.7 Long Blades
 + Level 11.0 Crossbows
 * Level 15.6 Armour
 * Level 15.6 Dodging


You had 18 spell levels left.
You didn't know any spells.
Your spell library was empty.

Inventory:

Hand Weapons
 g - a +3 great sword of flaming (weapon)
 l - a +0 arbalest
 o - a +5 antimagic great sword
 w - a +8 triple sword of protection
Missiles
 x - 239 bolts
Armour
 d - a +2 helmet (worn)
 p - a +2 plate armour of cold resistance (worn)
 Q - a +1 cloak of cold resistance (worn)
 T - a +0 pair of boots (worn)
 W - a +1 pair of gloves (worn)
Jewellery
 b - the ring "Iguxziff" (right hand) {rPois rN+ Str+5 Int+4}
   (You found it on level 14 of the Dungeon)

   [ring of positive energy]

   It affects your strength (+5).
   It affects your intelligence (+4).
   It protects you from poison.
   It protects you from negative energy.
 t - an uncursed ring of willpower
 C - an uncursed ring of protection from cold
 F - an uncursed ring of fire
 K - an amulet of reflection (around neck)
 R - an uncursed ring of resist corrosion
 X - the ring of Jonn (left hand) {rElec rN+++ MP+9 Str+6 Int+4}
   (You took it off a yaktaur on level 14 of the Dungeon)

   [ring of strength]

   It affects your strength (+6).
   It affects your intelligence (+4).
   It insulates you from electricity.
   It renders you almost immune to negative energy.
   It affects your magic capacity (+9).
 Z - the ring of Xivimor {rElec rC+ Will+ Str+4}
   (You took it off a deep elf archer on level 14 of the Dungeon)

   [ring of willpower]

   It affects your strength (+4).
   It protects you from cold.
   It insulates you from electricity.
   It affects your willpower, your defense against some magical effects.
Wands
 r - a wand of acid (4)
 H - a wand of polymorph (9)
 J - a wand of digging (11)
Scrolls
 a - 4 scrolls of fog
 c - 9 scrolls of remove curse {@r2}
 e - 12 scrolls of teleportation {@r4}
 n - 4 scrolls of fear
 y - 2 scrolls of silence {!r}
 A - a scroll of magic mapping
 L - 3 scrolls of identify {@r1}
 P - 5 scrolls of immolation
 U - 2 scrolls of blinking
 V - a scroll of vulnerability
Potions
 f - 7 potions of haste {@q3}
 h - 5 potions of flight
 i - 6 potions of curing {@q1}
 j - a potion of ambrosia {unknown}
 k - 8 potions of lignification
 m - 4 potions of cancellation
 q - 5 potions of mutation
 s - 6 potions of heal wounds {@q2}
 u - a potion of invisibility {unknown}
 v - 7 potions of might
 z - 3 potions of berserk rage {!q}
 B - a potion of brilliance {unknown}
 M - a potion of magic {unknown}
 S - 2 potions of attraction {unknown}

Dungeon Overview and Level Annotations

Branches:
Dungeon (15/15)            Temple (0/1) D:7            Lair (6/6) D:8
  Swamp (4/4) Lair:2       Spider (0/4) Lair:4        Slime (0/5) Lair:6
    Orc (2/2) D:9             Elf (0/3) Orc:2        Vaults (0/5) D:14
 Depths (0/5) D:15         Bailey (visited)           IceCv (visited)

Altars:
Ashenzari
Cheibriados
Dithmenos
Gozag
Makhleb
Nemelex Xobeh
Wu Jian
Xom
Yredelemnul
The Shining One

Shops:
D:4 [   D:9 [   D:12 [   D:13 }([   Orc:1 !   Orc:2 :?[!

Portals:
Pandemonium: Orc:2
Trove: D:15 (show slimy rune of Zot)

..≈≈...≈≈.≈.≈.)♣♣
..♣≈....≈..≈♣.♣♣
....≈..≈≈....♣♣
≈..≈..§.≈≈♣.♣♣♣♣♣≈
.≈....≈≈..♣♣.♣..≈
♣
.≈.....§≈....≈...
♣ ♣♣♣♣≈≈≈...≈.≈...
♣ ♣...≈≈.≈.≈≈≈♣
♣♣.F@†≈≈.≈.≈≈
♣♣..))≈.....
♣D)....≈≈≈§
♣T≈...≈.≈..≈
♣≈..≈.≈.≈..≈
♣♣.D≈......≈
♣≈§.......≈
...≈≈≈≈..≈.
♣..(..≈...≈.


You could see a four-headed hydra, a swamp dragon, a goliath frog (strong) and a
friendly iron troll (summoned, berserk).


Message History

You are splashed with acid!
* * * LOW HITPOINT WARNING * * *
The goliath frog barely misses you.
You riposte.
You closely miss the goliath frog.
A four-headed hydra comes into view.
None of your equipped items are cursed.
Unknown command.
Use which ability? (? or * to list)
Your iron troll goes berserk!
You block the goliath frog's attack.
The swamp dragon bites you but does no damage.
The swamp dragon claws you but does no damage.
The swamp dragon tramples you but does no damage.
The goliath frog misses you.
You feel better. The swamp dragon barely misses you.
The swamp dragon closely misses you. The swamp dragon tramples you.
* * * LOW HITPOINT WARNING * * *
You stumble backwards!
The goliath frog hits you!
* * * LOW HITPOINT WARNING * * *
You are splashed with acid!
* * * LOW HITPOINT WARNING * * *
Your iron troll bites the swamp dragon!
Your iron troll claws the swamp dragon!! x2
The swamp dragon bites your iron troll but does no damage.
The swamp dragon claws your iron troll!
The swamp dragon tramples your iron troll.
The goliath frog hits you!
* * * LOW HITPOINT WARNING * * *
The acid corrodes you!
You are splashed with acid!
You die...

Skill      XL: |  1  2  3  4  5  6  7  8  9 10 11 12 13 14 15 16 17 18 19 |
---------------+----------------------------------------------------------+-----
Armour         | 3 4 5 6 7 9 10 11 12 13 14 15 | 15.6
Dodging        | 3 4 5 6 7 9 10 11 12 13 14 15 | 15.6
Fighting       | 4 5 6 7 8 9 10 11 12 13 14 15 | 15.7
Long Blades    | 4 5 6 7 8 9 10 11 12 13 14 15 | 15.7
Crossbows      | 2 3 5 6 7 8 9 10 11 | 11.0

Action                   |  1- 3 |  4- 6 |  7- 9 | 10-12 | 13-15 | 16-18 | 19-21 || total
-------------------------+-------+-------+-------+-------+-------+-------+-------++-------
Melee: Falchion          |   100 |   259 |   411 |       |       |       |       ||   770
       Long sword        |       |       |    57 |    37 |       |       |       ||    94
       Scimitar          |       |       |       |   235 |   510 |     4 |       ||   749
       Great sword       |       |       |       |       |   751 |    25 |    54 ||   830
       Triple sword      |       |       |       |       |    16 |  1341 |   113 ||  1470
 Fire: Hand crossbow     |       |       |       |       |     4 |       |       ||     4
       Arbalest          |       |       |       |       |       |    22 |    32 ||    54
Invok: Berserk           |       |     2 |     4 |     4 |    12 |    11 |     2 ||    35
       Trog's Hand       |       |       |       |       |       |     7 |     2 ||     9
       Brothers in Arms  |       |       |       |       |       |     2 |     2 ||     4
Evoke: Wand              |       |       |       |       |    22 |     7 |       ||    29
  Use: Scroll            |     2 |     1 |    10 |     6 |    17 |    14 |     1 ||    51
       Potion            |       |       |     1 |     2 |       |     1 |     2 ||     6
 Stab: Sleeping          |     1 |       |       |       |       |       |       ||     1
       Distracted        |     1 |       |       |       |       |       |       ||     1
       Petrified         |       |       |       |       |    14 |       |       ||    14
Armor: Animal skin       |    18 |       |       |       |       |       |       ||    18
       Ring mail         |     4 |    24 |       |       |       |       |       ||    28
       Chain mail        |       |   101 |   205 |   100 |   594 |   268 |       ||  1268
       Skin              |       |       |     3 |       |       |       |       ||     3
       Scale mail        |       |       |    59 |    17 |       |       |       ||    76
       Plate armour      |       |       |       |       |       |   610 |   159 ||   769
Dodge: Dodged            |    61 |   110 |   287 |   133 |   960 |  1403 |   178 ||  3132
Block: Other             |       |       |       |       |       |   212 |    42 ||   254
       Reflection        |       |       |       |       |       |     7 |     1 ||     8
       Rpst.: Falchion   |    18 |    37 |    86 |       |       |       |       ||   141
       Long sword        |       |       |    10 |     6 |       |       |       ||    16
       Scimitar          |       |       |       |    34 |    71 |     2 |       ||   107
       Great sword       |       |       |       |       |   187 |     5 |    10 ||   202
       Triple sword      |       |       |       |       |     2 |   279 |    17 ||   298

Levels and vault maps discovered:
D:1:      onia_arrival_handbag, layout_loops_ring, minmay_cut_off
D:2:      layout_basic, lemuel_crystal_altar,
          chequers_ecumenical_altar_simple_redux, st_stairs_4, lemuel_tele_altar
D:3:      layout_loops_corners, makhleb_altar_promises_db
D:4:      layout_cave_pods, gammafunk_ghost_icy, serial_shops,
          kennysheep_little_box, nicolae_gozag_seed_capital
D:5:      layout_gridville, solitary_fountain, nzn_random_ring
D:6:      layout_cave_pools, marbit_many_paths, tso_oasis_becter
D:7:      layout_basic, lemuel_crystal_altar, nemelex_xobeh_ov_fountains_minmay,
          temple_statues
D:8:      layout_basic, david_lair_shrubbed, minmay_fire_ice_demons, uniq_erica
D:9:      layout_gridville, david_orc_3, enter_bailey_2, minmay_shop_chei
D:10:     layout_rooms, minmay_fountain_box, minivault_26,
          kennysheep_generic_room_9, uniq_joseph
D:11:     layout_cave_pools, portal_ice_cave_entry_ice_beasts
D:12:     minmay_sliced_demisemicircle, layout_basic,
          gammafunk_ghost_necromancy, serial_shops, shop, minmay_statues_item,
          minmay_liquid_box
D:13:     layout_basic, serial_shops, shop, shop, shop, due_unseen_surprise,
          uniq_frances
D:14:     minmay_the_grid_triangle_9x9_recursive_2
          [minmay_the_grid_triangle_9x9_prize_special,
          minmay_the_grid_triangle_9x9_sprig,
          minmay_the_grid_triangle_9x9_empty,
          minmay_the_grid_triangle_9x9_flanged_cone], layout_basic,
          david_vaults_4, minmay_misc_feat_room, basic_altar,
          chequers_serial_rivers_micro_a, nrook_mini_vaults, uniq_agnes,
          uniq_jorgrun, uniq_snorg, uniq_louise
D:15:     gammafunk_depths_entry_grave, layout_long_grid,
          nicolae_trove_entry_diagonal, serial_glass, glass_columns_a,
          glass_columns_a
Lair:1:   layout_cave_pods
Lair:2:   layout_cave_pods, swamp_mist, serial_forest,
          infiniplex_forest_lined_room_2, infiniplex_forest_end_3,
          infiniplex_forest_clump_small, infiniplex_forest_clump_C,
          infiniplex_forest_straight_2, infiniplex_forest_lined_2,
          infiniplex_forest_clump_cross, infiniplex_forest_join,
          infiniplex_forest_straight_2, uniq_urug
Lair:3:   nzn_winding_woodlands_stair_trap
          [nzn_winding_woodlands_5x15_split_checker,
          nzn_winding_woodlands_5x15_eye, nzn_winding_woodlands_5x15_cabin,
          nzn_winding_woodlands_15x15_killbox,
          nzn_winding_woodlands_5x15_concentric,
          nzn_winding_woodlands_5x15_pathside_ponds,
          nzn_winding_woodlands_5x15_jagged], layout_chaotic_city, basic_altar,
          nicolae_volcano_entry_batcave, serial_bayou_shore_b,
          serial_bayou_shore_b, lemuel_fruit_tree
Lair:4:   layout_regular_city, nicolae_spider_entry_orb_guardian,
          grunt_megastairs_3, infiniplex_staircase_pool,
          minmay_lair_oklob_chamber
Lair:5:   layout_cave_shapes
Lair:6:   minmay_lair_end_enchanted_forest, layout_gridlike,
          nicolae_slime_entry_slimehenge, minivault_24, st_stairs_6,
          grunt_megastairs_4, uniq_rupert
Swamp:1:  layout_basic_swamp, evilmike_swamp_ruin_house_3
Swamp:2:  layout_basic_swamp, evilmike_swamp_ruin_house_4, swamp_pool3
Swamp:3:  layout_falls_marsh, nicolae_swamp_fairy_circle
Swamp:4:  swamp_basic_johnstein, layout_basic_swamp, infiniplex_staircase_pool_2
Orc:1:    layout_caves, serial_shops, shop
Orc:2:    pf_orc_diabolical, layout_caves

Notes
Turn   | Place    | Note
-------+----------+-------------------------------------------
     0 | D:1      | infcreate the Human Berserker began the quest for the Orb.
     0 | D:1      | Reached XP level 1. HP: 18/18 MP: 1/1
    43 | D:1      | Reached XP level 2. HP: 22/24 MP: 2/2
   369 | D:1      | Reached XP level 3. HP: 29/29 MP: 3/3
  1103 | D:2      | Found a basalt altar of Yredelemnul.
  1242 | D:2      | Reached XP level 4. HP: 35/35 MP: 4/4
  1259 | D:2      | Found a faded altar of an unknown god.
  1417 | D:2      | Reached ** piety under Trog
  1720 | D:2      | Found a shimmering altar of Xom.
  2050 | D:3      | Reached XP level 5. HP: 40/42 MP: 5/5
  2072 | D:3      | Found a burning altar of Makhleb.
  2072 | D:3      | Noticed a balrug
  2242 | D:3      | Reached skill level 3 in Armour
  2322 | D:3      | Reached skill level 3 in Dodging
  2911 | D:4      | Reached skill level 4 in Fighting
  3007 | D:4      | Found a runed translucent gate.
  3007 | D:4      | Found a runed translucent gate.
  3007 | D:4      | Found a runed translucent gate.
  3039 | D:3      | Reached skill level 4 in Long Blades
  3039 | D:3      | Reached XP level 6. HP: 48/48 MP: 6/6
  3060 | D:4      | Found an opulent altar of Gozag.
  3064 | D:4      | Reached *** piety under Trog
  3415 | D:4      | Noticed SamuraiZach's ghost (novice TrBe)
  3483 | D:4      | Reached XP level 7. HP: 41/55 MP: 7/7
  3818 | D:4      | Reached skill level 4 in Armour
  3945 | D:4      | Reached skill level 4 in Dodging
  4040 | D:4      | Found Egoyh's Armour Emporium.
  4095 | D:4      | HP: 6/82 [SamuraiZach's ghost (7)]
  4098 | D:4      | Killed SamuraiZach's ghost
  4099 | D:4      | Reached skill level 5 in Fighting
  4099 | D:4      | Reached skill level 5 in Long Blades
  4099 | D:4      | Reached XP level 8. HP: 11/62 MP: 8/8
  4329 | D:5      | Entered Level 5 of the Dungeon
  4527 | D:4      | Reached skill level 5 in Armour
  4595 | D:4      | Reached skill level 5 in Dodging
  5226 | D:5      | Reached skill level 6 in Fighting
  5226 | D:5      | Reached skill level 6 in Long Blades
  5226 | D:5      | Reached XP level 9. HP: 64/69 MP: 9/9
  5319 | D:5      | Reached **** piety under Trog
  5435 | D:5      | Reached skill level 1 in Crossbows
  5602 | D:4      | Bought the +1 scale mail "Turonaosk" {rPois Will+} for 309
                  | gold pieces
  5751 | D:6      | Reached skill level 6 in Armour
  5751 | D:6      | Reached skill level 6 in Dodging
  6816 | D:5      | Reached skill level 2 in Crossbows
  6935 | D:6      | Found an ornate altar of the Wu Jian Council.
  6984 | D:6      | Found a glowing golden altar of the Shining One.
  7184 | D:7      | Found a staircase to the Ecumenical Temple.
  7732 | D:7      | Reached skill level 7 in Long Blades
  7751 | D:7      | Found a sparkling altar of Nemelex Xobeh.
  7766 | D:7      | Found a snail-covered altar of Cheibriados.
  7882 | D:8      | Reached skill level 7 in Fighting
  7943 | D:7      | Reached XP level 10. HP: 57/79 MP: 10/10
  8535 | D:8      | Noticed Erica
  8554 | D:8      | Killed Erica
  8555 | D:8      | Reached skill level 3 in Crossbows
  8555 | D:8      | Reached skill level 7 in Armour
  8555 | D:8      | Reached skill level 7 in Dodging
  9013 | D:8      | Found a staircase to the Lair.
  9015 | D:8      | Noticed a komodo dragon
  9055 | D:8      | Killed a komodo dragon
  9353 | D:9      | Found a staircase to the Orcish Mines.
  9375 | D:9      | Found a snail-covered altar of Cheibriados.
  9377 | D:9      | Found Cheibriados's Comfort Zone.
  9513 | D:9      | Found a flagged portal.
  9524 | Bailey   | Entered a bailey
  9569 | Bailey   | Reached ***** piety under Trog
  9720 | Bailey   | Reached skill level 8 in Long Blades
  9729 | Bailey   | Reached skill level 8 in Fighting
 10124 | Bailey   | Noticed an orc knight
 10146 | Bailey   | Killed an orc knight
 10147 | Bailey   | Reached XP level 11. HP: 67/86 MP: 9/11
 10476 | Bailey   | Identified 2 potions of experience
 10477 | Bailey   | Reached skill level 9 in Fighting
 10477 | Bailey   | Reached skill level 9 in Long Blades
 10477 | Bailey   | Reached skill level 5 in Crossbows
 10477 | Bailey   | Reached skill level 9 in Armour
 10477 | Bailey   | Reached skill level 9 in Dodging
 10477 | Bailey   | Reached XP level 12. HP: 80/96 MP: 12/12
 10478 | Bailey   | Reached skill level 10 in Fighting
 10478 | Bailey   | Reached skill level 10 in Long Blades
 10478 | Bailey   | Reached skill level 10 in Armour
 10478 | Bailey   | Reached skill level 10 in Dodging
 10478 | Bailey   | Reached XP level 13. HP: 87/103 MP: 13/13
 10576 | Bailey   | Identified the +4 leather armour of the Toothy Alphagorgon
                  | {Int+3}
 10865 | Bailey   | Reached skill level 6 in Crossbows
 11056 | Bailey   | Noticed an orc warlord
 11079 | Bailey   | Killed an orc warlord
 12014 | D:10     | Entered Level 10 of the Dungeon
 12149 | D:10     | Received a gift from Trog
 12346 | D:10     | Noticed Joseph
 12355 | D:10     | Killed Joseph
 12605 | D:11     | Found a frozen archway.
 12735 | IceCv    | Entered an ice cave
 13232 | IceCv    | Reached skill level 11 in Long Blades
 13238 | IceCv    | Reached skill level 11 in Fighting
 13440 | IceCv    | Found an ancient bone altar of Kikubaaqudgha.
 13791 | IceCv    | Reached ****** piety under Trog
 13795 | IceCv    | Received a gift from Trog
 14052 | D:11     | Noticed an ogre mage
 14078 | D:11     | Reached skill level 11 in Dodging
 14116 | D:11     | Reached skill level 11 in Armour
 14153 | D:11     | Paralysed by an ogre mage for 3 turns
 14172 | D:10     | Killed an ogre mage
 14173 | D:10     | Reached XP level 14. HP: 92/113 MP: 4/14
 14307 | D:10     | Reached skill level 7 in Crossbows
 14766 | D:11     | Got a steaming helmet
 14777 | D:11     | Identified the cursed +0 helmet of Depression {+Fly rC+
                  | rCorr Dex-5} (You found it on level 11 of the Dungeon)
 15048 | Lair:1   | Entered Level 1 of the Lair of Beasts
 15306 | Lair:1   | Identified a scroll of acquirement
 15306 | Lair:1   | Acquired a +4 ring of evasion
 16266 | Lair:2   | Noticed Urug
 16636 | Lair:2   | Found a staircase to the Swamp.
 17097 | Lair:2   | Got a warped ring mail
 17098 | Lair:2   | Identified the +5 ring mail of Sif Muna's Hope {+Inv Int-4
                  | Dex+8} (You found it on level 2 of the Lair of Beasts)
 17236 | Lair:2   | Killed Urug
 17525 | Lair:2   | Reached skill level 12 in Fighting
 17568 | Lair:3   | Found a broken altar of Ashenzari.
 17625 | Lair:3   | Reached skill level 12 in Long Blades
 18118 | Lair:3   | Received a gift from Trog
 18189 | Lair:3   | Reached skill level 12 in Dodging
 18256 | Lair:3   | Reached skill level 12 in Armour
 18261 | Lair:3   | Reached XP level 15. HP: 110/121 MP: 15/15
 19047 | Lair:3   | Reached skill level 8 in Crossbows
 19823 | Lair:4   | Found a hole to the Spider Nest.
 21429 | Lair:6   | Entered Level 6 of the Lair of Beasts
 21435 | Lair:6   | Found a staircase to the Slime Pits.
 21844 | Lair:5   | Received a gift from Trog
 21845 | Lair:5   | Reached skill level 13 in Fighting
 21897 | Lair:6   | Noticed Rupert
 21903 | Lair:6   | Reached skill level 13 in Long Blades
 22257 | Lair:6   | Reached XP level 16. HP: 128/130 MP: 16/16
 22517 | Lair:6   | Reached skill level 13 in Dodging
 22520 | Lair:6   | Reached skill level 13 in Armour
 22641 | Lair:6   | Killed Rupert
 23049 | Lair:6   | Paralysed by a hornet for 1 turns
 23915 | D:12     | Reached skill level 9 in Crossbows
 24039 | D:12     | Noticed a sphinx
 24044 | D:12     | Noticed a tengu reaver
 24050 | D:12     | Killed a sphinx
 24056 | D:12     | Killed a tengu reaver
 24056 | D:12     | Received a gift from Trog
 24060 | D:12     | HP: 10/131 [stone giant (18)]
 25107 | D:12     | Found Jupuzise's Armour Boutique.
 25332 | D:12     | Found a runed translucent gate.
 25333 | D:12     | Found a runed translucent gate.
 25333 | D:12     | Found a runed translucent gate.
 25336 | D:12     | Noticed Zeebu's ghost (journeyman DsAK)
 25361 | D:12     | Killed Zeebu's ghost
 25822 | D:13     | Found Ybeecen's Gadget Shop.
 25850 | D:13     | Noticed Frances
 25869 | D:13     | Killed Frances
 25915 | D:13     | Found Uclom's Weapon Boutique.
 26150 | D:13     | Found Xenid's Antique Armour Shoppe.
 26158 | D:13     | Bought a shiny plate armour for 858 gold pieces
 26193 | D:13     | Reached XP level 17. HP: 127/138 MP: 17/17
 26440 | D:13     | Bought a wand of digging (4) for 208 gold pieces
 26759 | D:14     | Reached skill level 14 in Fighting
 26851 | D:14     | Reached skill level 14 in Long Blades
 27050 | D:14     | Found a gate to the Vaults.
 27242 | D:14     | Noticed Snorg
 27254 | D:14     | Killed Snorg
 27304 | D:14     | Reached skill level 14 in Dodging
 27363 | D:14     | Noticed Agnes
 27375 | D:14     | Killed Agnes
 27375 | D:14     | Received a gift from Trog
 27457 | D:14     | Noticed Jorgrun
 27497 | D:14     | Killed Jorgrun
 27498 | D:14     | Reached skill level 14 in Armour
 27718 | D:14     | Found a shadowy altar of Dithmenos.
 27898 | D:14     | Noticed Louise
 27929 | D:14     | You are cast into the Abyss!
 27929 | D:14     | Cast into level 3 of the Abyss (Louise)
 27929 | Abyss:3  | Found a corrupted altar of Lugonu.
 27965 | D:14     | You pass through the gate.
 27965 | D:14     | Escaped the Abyss
 27974 | D:14     | Killed Louise
 28208 | D:14     | Identified the ring of Xivimor {rElec rC+ Will+ Str+4}
 28209 | D:14     | Identified the ring "Tubargh" {rElec MP+9}
 28224 | D:14     | Identified the ring of Jonn {rElec rN+++ MP+9 Str+6 Int+4}
 28309 | D:14     | Got a slimy ivory ring
 28335 | D:14     | Identified the ring "Iguxziff" {rPois rN+ Str+5 Int+4} (You
                  | found it on level 14 of the Dungeon)
 28616 | D:15     | Entered Level 15 of the Dungeon
 28956 | D:15     | Found a portal to a secret trove of treasure.
 29359 | D:15     | Found a staircase to the Depths.
 29570 | D:15     | Reached skill level 10 in Crossbows
 30682 | Orc:1    | Entered Level 1 of the Orcish Mines
 30825 | Orc:1    | Found Imuicuy's Distillery.
 30941 | Orc:2    | Entered Level 2 of the Orcish Mines
 30946 | Orc:2    | Identified a +2 robe of resistance
 30948 | Orc:2    | Received a gift from Trog
 31497 | Orc:2    | Reached XP level 18. HP: 147/147 MP: 18/18
 31731 | Orc:2    | Found a staircase to the Elven Halls.
 32246 | Orc:2    | Received a gift from Trog
 32493 | Orc:2    | Found Qizygoga's Distillery.
 32538 | Orc:2    | Found Bismiwio's Magic Scroll Emporium.
 33361 | Orc:2    | Found Jeqerchoa's Antique Armour Shop.
 33361 | Orc:2    | Found Ockabom's Book Boutique.
 33362 | Orc:2    | Found a one-way gate leading to the halls of Pandemonium.
 33495 | Orc:2    | Bought a runed plate armour for 988 gold pieces
 33754 | Swamp:1  | Entered Level 1 of the Swamp
 34537 | Swamp:1  | Reached skill level 15 in Fighting
 34731 | Lair:2   | Reached skill level 15 in Long Blades
 35133 | Swamp:1  | Received a gift from Trog
 35717 | Swamp:2  | Reached skill level 15 in Dodging
 35964 | Swamp:2  | Reached skill level 15 in Armour
 37385 | Swamp:4  | Entered Level 4 of the Swamp
 38632 | Swamp:3  | Reached XP level 19. HP: 124/155 MP: 19/19
 39593 | Swamp:4  | Received a gift from Trog
 40405 | Swamp:4  | Reached skill level 11 in Crossbows
 40431 | Swamp:4  | HP: 13/157 [acid[a spriggan druid] (10)]
 40434 | Swamp:4  | HP: 1/157 [goliath frog[a spriggan druid] (11)]
 40434 | Swamp:4  | Splashed by a goliath frog's acid

Vanquished Creatures
  Jorgrun (D:14)
  Rupert (Lair:6)
  Frances (D:13)
  A thorn hunter (Swamp:4)
  A sphinx (D:12)
  A tengu reaver (D:12)
  Agnes (D:14)
  Louise (D:14)
  An orc warlord (Bailey)
  A stone giant (D:12)
  6 bunyips
  An ettin (D:14)
  4 eleionomae
  Snorg (D:14)
  The ghost of Zeebu the Envoy of Void, a journeyman DsAK of Lugonu (D:12)
  A shambling mangrove (Swamp:4)
  A fire dragon (D:12)
  2 ogre magi
  4 boulder beetles
  32 hydras
  2 catoblepae
  An anaconda (D:11)
  14 two-headed ogres
  A death knight (D:14)
  12 alligators
  5 centaur warriors
  Erica (D:8)
  Urug (Lair:2)
  11 death yaks
  A tengu warrior (D:15)
  A spriggan berserker (Swamp:4)
  A soul eater (Orc:2)
  8 orc high priests (Orc:2)
  A sixfirhy (D:14)
  4 skeletal warriors
  A sun demon (Orc:2)
  5 goliath frogs
  An unseen horror (shapeshifter) (D:14)
  An infernal demonspawn (Orc:2)
  A spark wasp zombie (D:15)
  A flayed ghost (D:15)
  A gelid demonspawn (Orc:2)
  A torturous demonspawn (Orc:2)
  5 unseen horrors
  A deep troll (D:14)
  5 swamp dragons
  7 spriggan druids
  A spectral wolf spider (D:12)
  A deep elf archer (D:14)
  5 bog bodies
  2 necromancers
  2 deep elf magi
  An orb spider (Lair:4)
  2 oklob plants (Lair:4)
  A wolf spider (D:12)
  10 orc knights
  5 orc sorcerers
  8 ugly things
  A spectral centaur (D:12)
  2 cyclopes
  A stone giant zombie (D:15)
  The ghost of SamuraiZach the Skirmisher, a novice TrBe of Trog (D:4)
  5 will-o-the-wisps
  2 manticores
  A black mamba (Lair:6)
  Joseph (D:10)
  An ice statue (IceCv)
  An orange demon (Orc:2)
  8 elephants
  2 gargoyles (D:14)
  13 cane toads
  2 kobold demonologists (D:15)
  2 rime drakes
  2 yaktaurs (D:14)
  12 freezing wraiths
  An ice devil (Orc:2)
  16 komodo dragons
  A komodo dragon (shapeshifter) (D:14)
  A hellwing (Orc:2)
  A guardian mummy (D:15)
  A red devil (Orc:2)
  7 polar bears
  7 trolls
  A wolf spider simulacrum (IceCv)
  2 bloated husks (Swamp:2)
  11 tyrant leeches
  17 hornets
  An ice dragon zombie (D:15)
  4 slime creatures (D:15)
  2 dream sheep
  3 blink frogs (Lair:4)
  2 shadows
  A spriggan skeleton (D:15)
  20 spriggans
  A wraith (D:12)
  38 yaks
  6 wyverns
  3 fire bats (Lair:3)
  A steam dragon (Lair:6)
  5 basilisks
  A chaos spawn (Orc:2)
  11 vampire mosquitoes
  A death yak simulacrum (IceCv)
  5 wargs
  3 acid dragons
  A harpy simulacrum (D:12)
  A soldier ant (shapeshifter) (D:12)
  5 soldier ants
  13 water moccasins
  7 swamp worms
  2 sky beasts
  44 orc warriors
  7 swamp drakes
  16 ice beasts
  7 black bears
  An alligator simulacrum (IceCv)
  28 wolves
  13 ogres
  4 phantoms
  4 boggarts (Lair:6)
  10 centaurs
  2 big kobolds (D:10)
  16 bullfrogs
  A gnoll sergeant (D:10)
  A hornet simulacrum (D:12)
  2 scorpions
  3 killer bees (D:13)
  14 wights
  2 howler monkeys
  6 centaur zombies
  A crimson imp (D:8)
  A draconian simulacrum (IceCv)
  2 quasits
  4 bullfrog zombies
  3 bullfrog skeletons
  7 centaur skeletons
  10 hounds
  30 orc priests
  4 jellies
  19 orc wizards
  6 iguanas
  8 worker ants
  7 troll simulacra (IceCv)
  A polar bear simulacrum (IceCv)
  2 spriggan simulacra (IceCv)
  A bullfrog simulacrum (D:4)
  5 centaur simulacra
  A hound zombie (D:5)
  3 worker ant zombies
  19 gnolls
  20 adders
  5 naga simulacra (IceCv)
  An ogre simulacrum (IceCv)
  A shadow imp (D:6)
  19 white imps
  2 worker ant simulacra (D:4)
  An ufetubus (D:5)
  5 oozes
  An adder skeleton (D:7)
  6 worms
  3 dart slugs
  An adder simulacrum (D:4)
  5 leopard geckos
  81 orcs
  2 ball pythons
  8 giant cockroaches
  23 goblins
  20 hobgoblins
  10 jackals
  5 quokkas
  A ball python zombie (D:5)
  9 bats
  8 frilled lizards
  A jackal zombie (D:8)
  9 kobolds
  A quokka simulacrum (D:4)
  A quokka skeleton (D:4)
  14 rats
1033 creatures vanquished.

Vanquished Creatures (collateral kills)
  A bunyip (Swamp:4)
  An alligator (Swamp:4)
  An orc high priest (Orc:2)
  A spriggan (Swamp:4)
  A swamp dragon (Swamp:4)
  A hornet (Swamp:4)
  A swamp worm (Swamp:4)
  2 orc warriors (Orc:2)
  2 orc priests (Orc:2)
  2 orcs (Orc:2)
13 creatures vanquished.

Vanquished Creatures (others)
  An orc warrior (Orc:2)
  26 foxfires
  31 fungi
  66 plants
  13 withered plants (D:15)
137 creatures vanquished.

Grand Total: 1183 creatures vanquished

Table legend: (Time is in decaauts)
 A = Elapsed time spent in this place.
 B = Non-inter-level travel time spent in this place.
 C = Inter-level travel time spent in this place.
 D = Time resting spent in this place.
 E = Time spent auto-exploring this place.
 F = Levels seen in this place.
 G = Mean time per level.
                   A        B        C        D        E       F      G
               +--------+--------+--------+--------+--------+-----+--------+
         Total |  41326 |  24218 |  17108 |  14309 |      0 |  30 | 1377.5 |
       Dungeon |  19473 |   9704 |   9769 |   5057 |      0 |  15 | 1298.2 |
          Lair |   9562 |   4577 |   4985 |   2625 |      0 |   6 | 1593.7 |
         Swamp |   6253 |   4806 |   1447 |   3649 |      0 |   4 | 1563.2 |
  Orcish Mines |   2976 |   2070 |    906 |   1315 |      0 |   2 | 1488.0 |
         Abyss |     45 |     45 |      0 |      0 |      0 |   1 |   45.0 |
        Bailey |   1763 |   1763 |      0 |   1006 |      0 |   1 | 1763.0 |
      Ice Cave |   1252 |   1252 |      0 |    655 |      0 |   1 | 1252.0 |
               +--------+--------+--------+--------+--------+-----+--------+

Top non-repeatable levels by time:
   Orc:2: 2384 daAuts
 Swamp:3: 2351 daAuts
    D:14: 2021 daAuts
  Lair:2: 2004 daAuts
    D:12: 1957 daAuts
    D:15: 1855 daAuts
     D:4: 1849 daAuts
  Lair:3: 1820 daAuts
  Lair:6: 1807 daAuts
  Bailey: 1763 daAuts
 Swamp:4: 1698 daAuts
     D:5: 1662 daAuts
  Lair:5: 1515 daAuts
     D:8: 1464 daAuts
  Lair:1: 1263 daAuts

Table legend:
 A = Non-vault XP
 B = Vault XP
 C = Vault XP percentage of total XP
 D = Non-vault monster count
 E = Vault monster count
 F = Vault count percentage of total count
                 A         B        C        D         E       F
            +---------+---------+-------+---------+---------+-------
      Total |  160756 |  117988 |  42.3 |     654 |     393 |  37.5
            +---------+---------+-------+---------+---------+-------
        D:1 |      33 |      19 |  36.5 |      18 |       8 |  30.8
        D:2 |      79 |       6 |   7.1 |      27 |       2 |   6.9
        D:3 |     173 |       0 |   0.0 |      23 |       0 |   0.0
        D:4 |     527 |     700 |  57.0 |      26 |       8 |  23.5
        D:5 |     966 |     561 |  36.7 |      28 |      14 |  33.3
        D:6 |     415 |       3 |   0.7 |      16 |       1 |   5.9
        D:7 |     399 |       0 |   0.0 |      10 |       0 |   0.0
        D:8 |     856 |    1282 |  60.0 |      20 |       4 |  16.7
        D:9 |    1104 |     318 |  22.4 |      21 |       4 |  16.0
       D:10 |    4464 |    1176 |  20.9 |      28 |       7 |  20.0
       D:11 |    5900 |     398 |   6.3 |      25 |       3 |  10.7
       D:12 |    5450 |   13820 |  71.7 |      29 |      18 |  38.3
       D:13 |   12512 |    3759 |  23.1 |      35 |       3 |   7.9
       D:14 |    8102 |   17753 |  68.7 |      22 |      24 |  52.2
       D:15 |   10857 |    4141 |  27.6 |      26 |       8 |  23.5
     Lair:1 |    4374 |       0 |   0.0 |      11 |       0 |   0.0
     Lair:2 |   10816 |     859 |   7.4 |      34 |       1 |   2.9
     Lair:3 |   11133 |    8281 |  42.7 |      24 |      24 |  50.0
     Lair:4 |    2948 |    1693 |  36.5 |      13 |       3 |  18.8
     Lair:5 |   13075 |     576 |   4.2 |      33 |       2 |   5.7
     Lair:6 |    7522 |   13553 |  64.3 |      19 |      50 |  72.5
    Swamp:1 |    8585 |       0 |   0.0 |      18 |       0 |   0.0
    Swamp:2 |   10476 |       0 |   0.0 |      20 |       0 |   0.0
    Swamp:3 |   17614 |    1934 |   9.9 |      29 |       2 |   6.5
    Swamp:4 |   15470 |   16354 |  51.4 |      33 |      22 |  40.0
      Orc:1 |    2441 |       0 |   0.0 |      21 |       0 |   0.0
      Orc:2 |    4465 |   18156 |  80.3 |      45 |      62 |  57.9
     Bailey |       0 |    5909 | 100.0 |       0 |      69 | 100.0
      IceCv |       0 |    6737 | 100.0 |       0 |      54 | 100.0
            +---------+---------+-------+---------+---------+-------
